 Dungeon Crawl Stone Soup version 0.29.1-1-gd02db6906a (webtiles) character file.

Game seed: 1908256465635781291

8742 xian the Frost Mage (level 11, -16/75 HPs)
             Began as a Merfolk Ice Elementalist on Sept 24, 2022.
             Was a High Priest of Nemelex Xobeh.
             Demolished by a white ugly thing (20 damage)
             ... on level 11 of the Dungeon on Sept 26, 2022.
             The game lasted 01:03:15 (10965 turns).

xian the Frost Mage (Merfolk Ice Elementalist)     Turns: 10965, Time: 01:03:16

Health: -16/75     AC: 20    Str: 15    XL:     11   Next: 35%
Magic:  28/33      EV: 13    Int: 24    God:    Nemelex Xobeh [*****.]
Gold:   429        SH:  6    Dex: 11    Spells: 16/28 levels left

rFire   . . .      SeeInvis +   k - +1 short sword (venom)
rCold   + . .      Faith    .   R - +2 buckler
rNeg    . . .      Spirit   .   P - +0 robe "Riblol" {Harm Rampage rC+ SInv}
rPois   +          Reflect  .   t - +2 hat of Subjectivity {rPois Str+2 Int+6}
rElec   .          Harm     +   g - +2 cloak {rCorr}
rCorr   +          Rampage  +   h - +2 pair of gloves
Will    +....                   (no boots)
Stlth   +++.......              e - amulet of regeneration
HPRegen 1.02/turn               Y - ring of magical power
MPRegen 0.23/turn               F - ring of flight

@: ice-armoured, flying
A: (nimble swimmer 2), mertail, clumsy 1, strong-willed 1, strong 1, evolution 1
a: Renounce Religion, Draw Escape, Draw Destruction, Draw Summoning, Triple
Draw, Deal Four, Stack Five


You were on level 11 of the Dungeon.
You worshipped Nemelex Xobeh.
Nemelex Xobeh was extremely pleased with you.
You visited 1 branch of the dungeon, and saw 11 of its levels.
You also visited: Ossuary.

You collected 1022 gold pieces.
You spent 593 gold pieces at shops.

Inventory:

Hand Weapons
 k - a +1 short sword of venom (weapon)
 n - a +2 quarterstaff of chaos
 T - a +2 vorpal shortbow
Missiles
 L - 2 curare-tipped darts
 N - a throwing net
Armour
 g - a +2 cloak of preservation (worn)
 h - a +2 pair of gloves (worn)
 t - the +2 hat of Subjectivity (worn) {rPois Str+2 Int+6}
   (You acquired it on level 4 of the Dungeon)

   Str:       It affects your strength (+2).
   Int:       It affects your intelligence (+6).
   rPois:     It protects you from poison.
 G - the +0 leather armour "Vafunaq" {rElec Int+3}
   (You bought it in a shop on level 6 of the Dungeon)

   Int:       It affects your intelligence (+3).
   rElec:     It insulates you from electricity.
 P - the +0 robe "Riblol" (worn) {Harm Rampage rC+ SInv}
   (You found it on level 8 of the Dungeon)

   rC:        It protects you from cold.
   SInv:      It lets you see invisible.
   Harm:      It increases damage dealt and taken.
   Rampage:   It bestows one free step when moving towards enemies.
 R - a +2 buckler (worn)
 S - +0 acid dragon scales
 U - a +0 pair of gloves of dexterity
 W - the +2 cloak of Eveon {rF++}
   (You found it on level 10 of the Dungeon)

   rF:        It greatly protects you from fire.
Magical Staves
 E - a staff of poison
 Z - a staff of conjuration
Jewellery
 e - an amulet of regeneration (around neck)
 F - a ring of flight (right hand)
 Y - a ring of magical power (left hand)
Wands
 q - a wand of flame (52)
 u - a wand of roots (19)
 y - a wand of charming (11)
 I - a wand of acid (6)
Scrolls
 l - 2 scrolls of fog
 o - 3 scrolls of blinking
 p - 4 scrolls of teleportation
 x - 3 scrolls of poison
 D - a scroll of magic mapping
 J - a scroll of silence
 K - a scroll of enchant weapon {unknown}
 V - a scroll of fear
 X - a scroll of summoning {unknown}
Potions
 b - a potion of magic
 c - 4 potions of haste
 f - 3 potions of brilliance {unknown}
 r - a potion of mutation
 s - 3 potions of might {unknown}
 v - 3 potions of curing
 w - a potion of flight
 B - a potion of heal wounds
 C - 3 potions of cancellation {unknown}
 H - 4 potions of invisibility {unknown}
 M - a potion of berserk rage
 Q - 2 potions of lignification
Miscellaneous
 m - a phial of floods


   Skills:
 + Level 3.2 Fighting
 + Level 6.9 Short Blades
 + Level 0.2 Axes
 + Level 2.6 Armour
 + Level 6.3 Dodging
 + Level 6.9 Stealth
 + Level 3.0 Shields
 + Level 9.3 Spellcasting
 + Level 10.9 Ice Magic
 + Level 1.0 Evocations


You had 16 spell levels left.
You knew the following spells:

 Your Spells              Type           Power      Damage    Failure   Level
a - Freeze                Ice            100%       1d11      1%          1
b - Frozen Ramparts       Ice            100%       1d16      1%          3
c - Ozocubu's Armour      Ice            59%        N/A       1%          3
d - Hailstorm             Conj/Ice       37%        3d9       8%          4
e - Magic Dart            Conj           44%        1d5       8%          1

Your spell library contained the following spells:

 Spells                   Type           Power      Damage    Failure   Level
 Slow                     Hex            44%        N/A       8%          1
 Call Imp                 Summ           11%        N/A       12%         2
 Confusing Touch          Hex            11%        N/A       22%         3
 Gell's Gravitas          Tloc           11%        N/A       22%         3
 Lesser Beckoning         Tloc           11%        N/A       22%         3
 Mephitic Cloud           Conj/Pois/Air  11%        N/A       22%         3
 Teleport Other           Tloc           11%        N/A       22%         3
 Vampiric Draining        Necr           11%        2d6       22%         3
 Fireball                 Conj/Fire      5%         3d5       90%         5
 Dispersal                Tloc           5%         N/A       100%        6
 Starburst                Conj/Fire      5%         6d4       100%        6
 Ignition                 Fire           5%         3d4       100%        8


Dungeon Overview and Level Annotations

Branches:
Dungeon (11/15)            Temple (0/1) D:6            Lair (0/5) D:8
Ossuary (visited)
    Orc: D:9-12

Altars:
Ashenzari
Dithmenos
Hepliaklqana
Nemelex Xobeh
Okawaru
Trog
Xom
Yredelemnul
The Shining One

Shops:
D:6 *   D:10 ([:*(

Portals:
Trove: D:10 (give +7 demon blade)


Innate Abilities, Weirdness & Mutations

((You are very nimble when in or above water. (Stealth+, EV+, Speed+++)))
Your lower body shifts to a powerful aquatic tail in water.
You are clumsy. (Dex -2)
You are strong-willed. (Will+)
Your muscles are strong. (Str +4, Int/Dex -1)
You have hidden genetic potential.


Message History

The white ugly thing resists.
The wall freezes the white ugly thing!
The white ugly thing kicks you but does no damage.
Unknown command.
You hit the white ugly thing but do no damage.
The white ugly thing looks as sick as possible!
The white ugly thing is moderately wounded.
The white ugly thing resists.
The wall freezes the white ugly thing!
The white ugly thing kicks you. The white ugly thing freezes you! You resist.
You hit the white ugly thing.
The white ugly thing looks as sick as possible!
The white ugly thing is moderately wounded.
The white ugly thing resists.
The wall freezes the white ugly thing.
The white ugly thing kicks you. The white ugly thing freezes you! You resist.
Unknown command.
You hit the white ugly thing.
The white ugly thing is heavily wounded.
Unknown command.
You hit the white ugly thing.
The white ugly thing is heavily wounded.
The wall freezes the white ugly thing but does no damage.
The white ugly thing kicks you! The white ugly thing freezes you! You resist.
* * * LOW HITPOINT WARNING * * *
Unknown command.
You feel much better.
The white ugly thing resists.
The wall freezes the white ugly thing.
The white ugly thing barely misses you.
You hit the white ugly thing but do no damage.
The white ugly thing is severely wounded.
The frozen ramparts melt away.
The white ugly thing kicks you. The white ugly thing freezes you! You resist.
* * * LOW HITPOINT WARNING * * *
Aiming: Corrosive Bolt
Press: ? - help, Shift-Dir - straight line, f - white ugly thing
Aim: a white ugly thing (severely wounded, extremely poisoned, 71% to hit)
The bolt of acid misses the white ugly thing.
You hear a shout!
The white ugly thing kicks you!
* * * LOW HITPOINT WARNING * * *
The white ugly thing freezes you! You resist.
You die...
Your body disappears without a glow.

#..#.....#
#..###'###.#
#..........#
#...##.####..#
#..####...# #
##.......#####.#
#.##.#.#.#.[.#
#.#.#.####.[#
#........@u#
#.#######.#.# #.
#.# # # #.# +..
#.# #)# #..


You could see a white ugly thing (very poisoned).

Vanquished Creatures
  Erica (D:8)
  A two-headed ogre (D:9)
  A deep elf pyromancer (D:8)
  Maurice (D:11)
  A gargoyle (D:10)
  A komodo dragon (D:8)
  A hornet (D:7)
  A wraith (D:8)
  7 yaks (D:9)
  2 wyverns (D:10)
  2 vampire mosquitoes (D:11)
  A steam dragon (D:9)
  Edmund (D:6)
  3 acid dragons
  An ice beast (D:5)
  2 orc warriors (D:10)
  4 ogres
  6 centaurs
  3 elf zombies
  A kobold brigand (D:9)
  6 bullfrogs
  4 scorpions
  2 gnoll sergeants
  2 howler monkeys
  2 centaur zombies (Ossuary)
  3 hounds
  4 jellies
  4 human zombies (Ossuary)
  8 orc priests
  A gnoll bouda (D:7)
  Crazy Yiuf (D:2)
  4 iguanas
  13 orc wizards
  A hound zombie (Ossuary)
  3 mummies (Ossuary)
  14 gnolls
  2 adders
  3 shadow imps
  3 ufetubi
  2 adder zombies (Ossuary)
  A worm (D:3)
  2 dart slugs (D:3)
  38 orcs
  9 endoplasms
  3 giant cockroaches
  2 gnoll zombies (Ossuary)
  6 goblins
  4 hobgoblins
  2 quokkas
  4 ball pythons
  A bat (D:3)
  4 frilled lizards (D:1)
  3 goblin zombies (Ossuary)
  4 hobgoblin zombies (Ossuary)
  4 jackal zombies (Ossuary)
  8 kobolds
  2 kobold zombies (Ossuary)
  4 orc skeletons (D:6)
  4 orc zombies (Ossuary)
  2 quokka zombies (Ossuary)
  7 rats
  2 rat zombies (Ossuary)
239 creatures vanquished.

Vanquished Creatures (others)
  A wizard (D:6)
  A vampire (D:11)
  4 fungi
  9 plants
15 creatures vanquished.

Grand Total: 254 creatures vanquished

Notes
Turn   | Place    | Note
-------+----------+-------------------------------------------
     0 | D:1      | xian the Merfolk Ice Elementalist began the quest for the
                  | Orb.
     0 | D:1      | Reached XP level 1. HP: 13/13 MP: 3/3
   417 | D:1      | Reached XP level 2. HP: 18/19 MP: 3/5
  1063 | D:1      | Found a faded altar of an unknown god.
  1278 | D:1      | Prayed at the altar of an unknown god.
  1278 | D:1      | Became a worshipper of Nemelex Xobeh the Trickster
  1278 | D:1      | Reached * piety under Nemelex Xobeh
  1487 | D:2      | Reached skill level 5 in Ice Magic
  1729 | D:2      | Received a gift from Nemelex Xobeh
  1782 | D:2      | Found a shadowy altar of Dithmenos.
  1964 | D:2      | Reached XP level 3. HP: 24/24 MP: 6/6
  1977 | D:2      | Learned a level 3 spell: Frozen Ramparts
  2202 | D:2      | Found a runed translucent door.
  2203 | D:2      | Noticed Crazy Yiuf
  2210 | D:2      | Killed Crazy Yiuf
  2399 | D:3      | Found a transporter.
  2408 | D:3      | Found a transporter.
  2413 | D:3      | Reached ** piety under Nemelex Xobeh
  2441 | D:3      | Reached XP level 4. HP: 20/30 MP: 7/7
  2450 | D:3      | Learned a level 3 spell: Ozocubu's Armour
  2884 | D:3      | Reached skill level 1 in Short Blades
  3039 | D:3      | Reached XP level 5. HP: 36/36 MP: 4/9
  3358 | D:3      | Found a shadowy altar of Dithmenos.
  3359 | D:3      | Noticed a shadow
  3362 | D:3      | Found a hazy altar of Hepliaklqana.
  4008 | D:4      | Reached XP level 6. HP: 42/42 MP: 0/11
  4018 | D:4      | Reached skill level 6 in Ice Magic
  4374 | D:4      | Identified a scroll of acquirement
  4374 | D:4      | Acquired the +2 hat of Subjectivity {rPois Str+2 Int+6}
  4633 | D:4      | Reached skill level 1 in Fighting
  4756 | D:4      | You fall into a shaft and drop 1 floor!
  4756 | D:5      | Entered Level 5 of the Dungeon
  4816 | D:4      | Learned a level 4 spell: Hailstorm
  5119 | D:5      | Reached XP level 7. HP: 48/48 MP: 5/12
  5303 | D:5      | Reached skill level 1 in Armour
  5303 | D:5      | Reached skill level 1 in Shields
  5372 | D:5      | Found a shimmering altar of Xom.
  5379 | D:5      | Found a basalt altar of Yredelemnul.
  5468 | D:5      | Received a gift from Nemelex Xobeh
  5560 | D:5      | Reached skill level 7 in Ice Magic
  5560 | D:5      | Reached XP level 8. HP: 54/54 MP: 3/14
  5687 | D:5      | Reached *** piety under Nemelex Xobeh
  5973 | D:6      | Reached skill level 5 in Spellcasting
  5996 | D:6      | Found Owoen's General Store.
  5997 | D:6      | Found a broken altar of Ashenzari.
  5997 | D:6      | Found a glowing golden altar of the Shining One.
  5998 | D:6      | Found an iron altar of Okawaru.
  6105 | D:6      | Found a staircase to the Ecumenical Temple.
  6139 | D:6      | Noticed Edmund
  6145 | D:6      | Received a gift from Nemelex Xobeh
  6154 | D:6      | Killed Edmund
  6182 | D:6      | Bought the +0 leather armour "Vafunaq" {rElec Int+3} for
                  | 245 gold pieces
  6515 | D:6      | Reached skill level 8 in Ice Magic
  6528 | D:6      | Found a sand-covered staircase.
  6534 | Ossuary  | Entered an ossuary
  6577 | Ossuary  | Learned a level 1 spell: Magic Dart
  6621 | Ossuary  | Reached XP level 9. HP: 61/61 MP: 15/18
  6975 | Ossuary  | Reached skill level 5 in Short Blades
  7174 | D:6      | Found a bloodstained altar of Trog.
  7175 | D:6      | Noticed a wizard
  7180 | D:6      | Killed a wizard
  7633 | D:7      | Noticed a hornet
  7637 | D:7      | Killed a hornet
  7807 | D:7      | Reached skill level 5 in Dodging
  8091 | D:8      | Reached skill level 5 in Stealth
  8209 | D:8      | Received a gift from Nemelex Xobeh
  8277 | D:8      | Reached **** piety under Nemelex Xobeh
  8293 | D:8      | Found a staircase to the Lair.
  8295 | D:8      | Noticed a komodo dragon
  8314 | D:8      | Killed a komodo dragon
  8315 | D:8      | Received a gift from Nemelex Xobeh
  8325 | D:8      | Reached XP level 10. HP: 60/70 MP: 11/20
  8396 | D:8      | Identified the +0 robe "Riblol" {Harm Rampage rC+ SInv}
  8483 | D:8      | Noticed a deep elf pyromancer
  8500 | D:8      | Killed a deep elf pyromancer
  8501 | D:8      | Reached skill level 9 in Ice Magic
  8606 | D:8      | Noticed Erica
  8622 | D:8      | Killed Erica
  8834 | D:9      | Noticed a two-headed ogre
  8841 | D:9      | Killed a two-headed ogre
  8976 | D:9      | Received a gift from Nemelex Xobeh
  9014 | D:9      | Reached skill level 10 in Ice Magic
  9281 | D:9      | Identified the +0 scale mail of Intercession {Will+}
  9406 | D:9      | Reached XP level 11. HP: 75/75 MP: 12/23
  9839 | D:10     | Entered Level 10 of the Dungeon
  9865 | D:10     | Found Ziapnal's Antique Weapon Shoppe.
  9958 | D:10     | Received a gift from Nemelex Xobeh
  9972 | D:10     | Found Timya's Book Shoppe.
  9974 | D:10     | Found Alehoefe's Antique Armour Emporium.
 10055 | D:10     | Bought a pair of embroidered gloves for 180 gold pieces
 10117 | D:10     | Identified the +2 cloak of Eveon {rF++}
 10194 | D:10     | Reached ***** piety under Nemelex Xobeh
 10293 | D:10     | Found a portal to a secret trove of treasure.
 10421 | D:10     | Found Sylopt's Assorted Antiques.
 10425 | D:10     | Bought a scroll labelled QUCLYU JOUGAGH for 28 gold pieces
 10425 | D:10     | Bought a peridot ring for 140 gold pieces
 10572 | D:10     | Found Pigikito's Antique Weapon Shop.
 10768 | D:10     | Gained mutation: You have hidden genetic potential. [potion
                  | of mutation]
 10768 | D:10     | Gained mutation: You are clumsy. (Dex -2) [potion of
                  | mutation]
 10768 | D:10     | Gained mutation: You are strong-willed. (Will+) [potion of
                  | mutation]
 10768 | D:10     | Gained mutation: Your muscles are strong. (Str +4, Int/Dex
                  | -1) [potion of mutation]
 10825 | D:11     | Received a gift from Nemelex Xobeh
 10853 | D:11     | Noticed Maurice
 10861 | D:11     | Killed Maurice
 10950 | D:11     | Noticed a white ugly thing
 10958 | D:11     | Reached skill level 1 in Evocations
 10965 | D:11     | Demolished by a white ugly thing

Illustrated notes

Levels and vault maps discovered:
D:1:      minmay_arrival_three_doors, layout_basic,
          shapermc_ecumenical_altar_mp_urbaneastern
D:2:      layout_basic, basic_altar, uniq_crazy_yiuf_cottage
D:3:      gammafunk_wand_slinger, layout_basic,
          riverfiend_overflow_shadow_ancestor
D:4:      layout_loops_ring, chequers_serial_rivers_small_3
D:5:      layout_loops_corners, mainiacjoe_overflow_catwalk_spiral
D:6:      layout_cave_pools, trog_wizard, gammafunk_temple_overflow_claw,
          temple_pool_b, nicolae_ossuary_entry_catacombs, serial_shops, shop,
          uniq_edmund
D:7:      layout_basic, grunt_ogre_cave
D:8:      layout_rooms, david_lair_shrubbed, hex_medium, minmay_microvault,
          uniq_erica
D:9:      layout_roguey
D:10:     layout_loops_ring, serial_shops, shop, shop_coins, shop, shop, shop,
          enter_trove_6
D:11:     layout_basic, minmay_shattered_shrine, uniq_maurice

Skill      XL: |  1  2  3  4  5  6  7  8  9 10 11 |
---------------+----------------------------------+-----
Ice Magic      | 5 6 7 8 10 | 10.9
Stealth        | 3 4 5 6 |  6.9
Short Blades   | 1 2 3 6 |  6.9
Dodging        | 3 4 5 6 |  6.3
Spellcasting   | 3 4 6 8 9 |  9.3
Fighting       | 1 2 3 |  3.2
Armour         | 1 2 |  2.6
Shields        | 1 2 3 |  3.0
Evocations     | 1 |  1.0
Axes           | |  0.2

Action                   |  1- 3 |  4- 6 |  7- 9 | 10-12 || total
-------------------------+-------+-------+-------+-------++-------
Melee: Unarmed           |     4 |       |       |       ||     4
       War axe           |    16 |       |       |       ||    16
       Short sword       |    32 |    83 |   421 |    66 ||   602
       Punch             |     1 |       |       |       ||     1
       Tailslap          |       |     3 |       |       ||     3
 Cast: Freeze            |    17 |    27 |    50 |    43 ||   137
       Frozen Ramparts   |     2 |     7 |    12 |    17 ||    38
       Ozocubu's Armour  |       |     7 |    13 |    16 ||    36
       Magic Dart        |       |       |     9 |       ||     9
Evoke: Wand              |       |       |       |     5 ||     5
  Use: Scroll            |     6 |     3 |    10 |     5 ||    24
       Potion            |       |     1 |       |     3 ||     4
 Stab: Sleeping          |     4 |     4 |    10 |     8 ||    26
       Distracted        |       |       |     2 |       ||     2
Armor: Robe              |    10 |    14 |       |    26 ||    50
       Leather armour    |       |    18 |   167 |       ||   185
Dodge: Dodged            |    27 |    74 |   271 |    61 ||   433
Block: Buckler           |     5 |    17 |   115 |    26 ||   163
